Map: Neon Violet Square LE

Players

Harstem

  • Race: Protoss Protoss
  • League: Master
  • Spawn Location: 11:00

IlIlIlIlIlIl - Winner!

  • Race: Protoss Protoss
  • League: Master
  • Spawn Location: 5:00

VOD

Have the link to the VOD?

Description

Time

  • Played on: Nov. 19, 2017, 5:39 a.m.
  • Length: 6:20
Show
View Real Time Build Order
Export as new Build Order

Harstem Protoss 

Build Orders:  

Get SALT Encoding   

  12  0:02  Probe (Chrono Boost)  
  13  0:17  Probe (Chrono Boost)  
  13  0:20  Pylon  
  14  0:24  Probe  
  15  0:39  Probe  
  16  0:43  Gateway  
  16  0:51  Probe  
  16  0:52  Assimilator  
  17  1:03  Probe (Chrono Boost)  
  18  1:04  Assimilator  
  19  1:15  Probe (Chrono Boost)  
  19  1:18  Probe  
  20  1:25  Gateway  
  20  1:30  Probe  
  20  1:31  Cybernetics Core  
  21  1:39  Pylon  
  21  1:42  Probe  
  22  1:54  Probe  
  24  2:08  Stalker  
  24  2:09  Warp Gate  
  24  2:12  Stalker (Chrono Boost)  
  27  2:23  Pylon  
  27  2:39  Nexus  
  27  2:41  Sentry (Chrono Boost)  
  29  2:44  Probe  
  30  2:56  Probe  
  31  3:03  Stalker  
  33  3:08  Probe  
  34  3:20  Probe  
  35  3:29  Robotics Facility, Shield Battery  
  35  3:33  Probe (Chrono Boost)  
  38  3:38  Pylon  
  36  3:45  Shield Battery, Probe (Chrono Boost)  
  38  3:52  Probe (Chrono Boost)  
  38  3:55  Probe (Chrono Boost)  
  39  4:01  Probe x2 (Chrono Boost)  
  40  4:08  Probe (Chrono Boost)  
  35  4:11  Probe (Chrono Boost)  
  35  4:23  Probe (Chrono Boost)  
  36  4:26  Probe x2 (Chrono Boost)  
  36  4:29  Stalker  
  36  4:30  Probe  
  41  4:39  Stalker  
  44  4:47  Probe x2  
  44  4:52  Stalker  
  46  4:59  Probe (Chrono Boost)  
  45  5:09  Probe (Chrono Boost)  
  45  5:11  Sentry, Probe (Chrono Boost)  
  45  5:13  Probe (Chrono Boost)  
  49  5:15  Probe (Chrono Boost)  
  49  5:18  Stalker  
  51  5:25  Observer, Probe (Chrono Boost)  
  54  5:30  Probe x2 (Chrono Boost)  
  55  5:36  Probe  
  55  5:38  Stalker  
  55  5:39  Probe  
  59  5:46  Pylon  
  59  5:47  Sentry, Pylon  
  59  5:48  Probe  
  62  5:56  Forge  
  62  6:04  Probe  
  63  6:08  Stalker  
  63  6:10  Shield Battery  
  63  6:18  Stalker  
Show
View Real Time Build Order
Export as new Build Order

IlIlIlIlIlIl Protoss - Winner!

Build Orders: Oracle Opening 

Get SALT Encoding   

  12  0:01  Probe  
  13  0:13  Probe  
  14  0:18  Pylon  
  14  0:25  Probe  
  15  0:37  Probe  
  15  0:38  Gateway  
  16  0:44  Assimilator  
  16  0:49  Probe (Chrono Boost)  
  17  0:56  Assimilator  
  18  0:59  Probe (Chrono Boost)  
  18  1:03  Probe (Chrono Boost)  
  19  1:09  Gateway  
  19  1:15  Probe (Chrono Boost)  
  20  1:22  Probe (Chrono Boost)  
  20  1:25  Cybernetics Core  
  21  1:29  Probe  
  22  1:36  Pylon  
  22  1:41  Probe  
  23  1:54  Probe  
  24  2:02  Adept x2  
  24  2:03  Warp Gate (Chrono Boost)  
  28  2:13  Pylon  
  28  2:22  Stargate  
  28  2:30  Stalker  
  32  2:37  Stalker  
  32  3:00  Nexus  
  32  3:10  Oracle (Chrono Boost)  
  35  3:14  Probe  
  36  3:21  Pylon  
  36  3:26  Shield Battery  
  36  3:29  Probe  
  37  3:39  Twilight Council  
  37  3:41  Probe  
  38  3:51  Oracle  
  38  3:55  Probe  
  42  4:07  Probe  
  43  4:14  Probe (Chrono Boost)  
  44  4:18  Blink (Chrono Boost)  
  45  4:25  Shield Battery  
  45  4:28  Probe (Chrono Boost)  
  45  4:30  Probe (Chrono Boost)  
  46  4:32  Probe (Chrono Boost)  
  46  4:35  Pylon, Probe  
  48  4:40  Gateway  
  48  4:49  Gateway  
  48  4:59  Stalker  
  50  5:00  Gateway  
  50  5:02  Stalker  
  52  5:09  Probe  
  52  5:10  Probe  
  54  5:22  Probe x2  
  54  5:24  Stalker  
  58  5:28  Stalker  
  58  5:33  Pylon  
  58  5:34  Probe x2  
  62  5:47  Stalker x3  
  68  5:51  Pylon  
  68  5:53  Stalker  
  68  5:55  Stalker  
  72  5:57  Probe  
  72  5:58  Probe  
  74  6:12  Stalker x3  
Tags
 
Add a new tag
Caveats
  • Supply blocks, unpowered buildings, or Contaminate may cause inaccurate times.
  • Supply counts are checked every 10 seconds.